 Seeded DCSS version 0.29-a0-356-g7bc237e783 (webtiles) character file.

Game seed: 9673928798769798538 (custom seed)

46 klau3 the Skirmisher (level 3, -4/41 HPs)
             Began as an Ogre Berserker on Apr 26, 2022.
             Was a Believer of Trog.
             Slain by a kobold
             ... wielding a +2 whip of venom
              (6 damage)
             ... on level 2 of the Dungeon.
             The game lasted 00:06:22 (1431 turns).

klau3 the Skirmisher (Ogre Berserker)               Turns: 1431, Time: 00:06:22

Health: -4/41      AC:  3    Str: 23    XL:     3   Next: 68%
Magic:  3/3        EV: 10    Int:  8    God:    Trog [**....]
Gold:   75         SH:  0    Dex:  8    Spells: 2/2 levels left

rFire   . . .      SeeInvis .   a - +1 hand axe
rCold   . . .      Faith    .   (no shield)
rNeg    . . .      Spirit   .   b - +0 animal skin
rPois   .          Reflect  .   (helmet restricted)
rElec   .          Harm     .   (no cloak)
rCorr   .          Rampage  .   (gloves unavailable)
Will    .....                   (boots unavailable)
Stlth   +.........              d - amulet of regeneration
HPRegen 0.93/turn               (no ring)
MPRegen 0.08/turn               (no ring)

@: lethally poisoned (-4 -> -11)
A: large, unfitting armour, tough skin 1
a: Renounce Religion, Berserk, Trog's Hand


You were on level 2 of the Dungeon.
You worshipped Trog.
Trog was pleased with you.
You visited 1 branch of the dungeon, and saw 2 of its levels.

You collected 75 gold pieces.

Inventory:

Hand Weapons
 a - a +1 hand axe (weapon)
Missiles
 g - 46 stones (quivered)
Armour
 b - a +0 animal skin (worn)
Jewellery
 d - an amulet of regeneration (around neck)
Scrolls
 h - a scroll of teleportation
 j - 3 scrolls of identify
 k - a scroll of vulnerability
Potions
 c - a potion of might {unknown}
 e - 2 potions of degeneration {unknown}
 f - a potion of flight {unknown}
 i - a potion of heal wounds {unknown}
 l - a potion of curing {unknown}


   Skills:
 + Level 4.8 Fighting
 + Level 3.4 Axes
 + Level 3.3 Dodging


You had 2 spell levels left.
You didn't know any spells.
Your spell library was empty.

Dungeon Overview and Level Annotations

Branches:
Dungeon (2/15)

Altars:

Shops:
D:1 (


Innate Abilities, Weirdness & Mutations

You are too large for most types of armour.
You have tough skin. (AC +1)


Message History

You now have 75 gold pieces (gained 7).
g - 46 stones (gained 23)
You see here a +0 dagger.
There is an escape hatch in the ceiling here.
Found a stone staircase leading down.
The kobold shouts!
You hear a shout!
The kobold throws a stone.
The stone hits you but does no damage.
A goblin comes into view. It is wielding a +0 club.
The kobold hits you with a +2 whip of venom.
You are poisoned.
You hit the kobold.
The kobold is heavily wounded.
You feel very sick. The kobold closely misses you.
You closely miss the kobold.
The kobold is heavily wounded.
You feel sick.
The kobold hits you with a +2 whip of venom.
You barely miss the kobold.
The kobold is heavily wounded.
You feel sick.
The kobold hits you with a +2 whip of venom. x2
You are more poisoned.
You hit the kobold.
The kobold is severely wounded.
You feel very sick.
The kobold hits you with a +2 whip of venom.
* * * LOW HITPOINT WARNING * * *
You are lethally poisoned!
You barely miss the kobold.
The kobold is severely wounded.
* * * LOW HITPOINT WARNING * * *
You feel very sick. The kobold closely misses you.
You barely miss the kobold.
The kobold is severely wounded.
* * * LOW HITPOINT WARNING * * *
You feel very sick.
The kobold hits you with a +2 whip of venom.
You die...

#.###...# #.......#
#####...# ### #...# #..
#...# #.# ### #...# #.#
..###...########.#
........<......#.#
................@#
...............#K......#
..##....#.######........
#.##....#.# #......#.
#.##....#.# ##.#>..#
..#.......# .#..##
#.#.......# .# .#
#.......#.### .####
#.#####.....# ###♣_♣###


You could see a kobold.

Vanquished Creatures
  An adder (D:2)
  A dart slug (D:1)
  4 endoplasms
  3 goblins
  4 hobgoblins (D:1)
  7 kobolds
  A quokka (D:1)
  6 ball pythons
  A bat (D:1)
  3 frilled lizards
  3 rats (D:2)
34 creatures vanquished.

Vanquished Creatures (others)
  2 fungi (D:2)
  2 plants (D:2)
4 creatures vanquished.

Grand Total: 38 creatures vanquished

Notes
Turn   | Place    | Note
-------+----------+-------------------------------------------
     0 | D:1      | klau3 the Ogre Berserker began the quest for the Orb.
     0 | D:1      | Reached XP level 1. HP: 24/24 MP: 1/1
   111 | D:1      | Reached XP level 2. HP: 32/32 MP: 2/2
   171 | D:1      | Found Syamink's Weapon Shoppe.
   785 | D:1      | Reached XP level 3. HP: 29/40 MP: 3/3
   935 | D:2      | Reached ** piety under Trog
  1190 | D:2      | Found a faded altar of an unknown god.
  1431 | D:2      | HP: 2/41 [poisoned by a kobold]
  1431 | D:2      | Slain by a kobold

Illustrated notes

Levels and vault maps discovered:
D:1:      sevenhm_arrival_forest_fort_small_3, layout_basic, serial_shops,
          nicolae_shop_hallway_plus
D:2:      layout_loops_cross, dreamdust_ecumenical_altar_hidden_monk_grotto

Skill      XL: |  1 |
---------------+----+-----
Dodging        | 3 |  3.3
Fighting       | |  4.8
Axes           | |  3.4

Action                   || total
-------------------------++-------
Melee: Hand axe          ||   117
       Punch             ||     1
  Use: Scroll            ||     6
       Potion            ||     1
Armor: Animal skin       ||    52
Dodge: Dodged            ||    65

Table legend: (Time is in decaauts)
 A = Elapsed time spent in this place.
 B = Non-inter-level travel time spent in this place.
 C = Inter-level travel time spent in this place.
 D = Time resting spent in this place.
 E = Time spent auto-exploring this place.
 F = Levels seen in this place.
 G = Mean time per level.
                   A        B        C        D        E       F      G
               +--------+--------+--------+--------+--------+-----+--------+
         Total |   1447 |   1373 |     74 |      0 |      3 |   2 |  723.5 |
       Dungeon |   1447 |   1373 |     74 |      0 |      3 |   2 |  723.5 |
               +--------+--------+--------+--------+--------+-----+--------+

Top non-repeatable levels by time:
     D:1: 823 daAuts
     D:2: 624 daAuts
